Map: 亚历山大港 - 天梯版

Players

Serral - Winner!

  • Race: Zerg Zerg

msrm

  • Race: Zerg Zerg
  • League: Master

Event: WESG 2018 Grand Finals

VOD

Have the link to the VOD?

Description

Time

  • Played on: March 11, 2019, 4:01 a.m.
  • Length: 7:15

All games in this series

Show
View Real Time Build Order
Export as new Build Order

Serral Zerg - Winner!

Build Orders: Hatch First 

Get SALT Encoding   

  12  0:00  Drone  
  13  0:12  Overlord  
  13  0:17  Drone  
  14  0:30  Drone x2  
  16  0:49  Hatchery  
  15  0:52  Drone  
  15  0:56  Drone  
  17  0:59  Drone  
  18  1:10  Extractor  
  17  1:14  Spawning Pool  
  17  1:18  Drone  
  17  1:21  Drone  
  18  1:28  Drone  
  19  1:38  Drone  
  20  2:01  Queen, Zergling x6  
  20  2:02  Queen  
  27  2:10  Metabolic Boost  
  27  2:12  Overlord  
  27  2:14  Zergling x2  
  28  2:25  Spine Crawler, Zergling x2  
  28  2:28  Zergling x2  
  28  2:32  Zergling x2  
  28  2:34  Zergling x2  
  30  2:45  Zergling x2  
  30  2:48  Zergling x2  
  31  2:54  Zergling x2  
  31  2:55  Zergling x2  
  26  2:59  Spine Crawler, Queen  
  27  3:05  Zergling x2  
  27  3:06  Zergling x2  
  29  3:16  Queen  
  31  3:21  Overlord  
  31  3:27  Zergling x2  
  32  3:31  Zergling x2  
  32  3:32  Zergling x2  
  34  3:40  Drone x2  
  36  3:49  Drone x2  
  38  3:58  Drone  
  38  4:00  Drone  
  40  4:09  Drone x4  
  42  4:15  Overlord  
  42  4:21  Drone  
  42  4:25  Drone  
  41  4:34  Evolution Chamber, Drone  
  41  4:35  Roach Warren, Drone  
  40  4:42  Drone x3  
  40  4:45  Drone  
  44  4:47  Drone  
  44  4:49  Drone  
  44  4:51  Drone  
  44  4:52  Drone  
  48  5:01  Zerg Missile Weapons Level 1  
  48  5:05  Overlord  
  48  5:06  Drone x2  
  50  5:11  Drone  
  50  5:12  Drone, Extractor  
  50  5:13  Extractor  
  50  5:19  Lair  
  50  5:25  Drone x2  
  50  5:28  Roach  
  54  5:31  Drone x2  
  54  5:33  Overlord  
  52  5:36  Roach  
  54  5:45  Roach, Hatchery  
  54  5:47  Roach  
  58  5:50  Overlord x2  
  58  5:53  Overlord  
  58  5:56  Roach x2  
  62  6:02  Roach x2  
  62  6:03  Roach  
  68  6:14  Hatchery  
  67  6:24  Roach x3  
  73  6:29  Overlord  
  73  6:30  Overlord  
  73  6:32  Roach  
  75  6:35  Roach  
  77  6:40  Roach x2  
  77  6:45  Roach x2  
  85  6:50  Roach x2  
  89  6:55  Roach x2  
Show
View Real Time Build Order
Export as new Build Order

msrm Zerg 

Build Orders: 1 Base Baneling Bust, Pool First, Zergling Baneling 

Get SALT Encoding   

  12  0:01  Drone  
  13  0:14  Extractor  
  12  0:24  Spawning Pool  
  11  0:29  Drone  
  11  0:33  Drone  
  13  0:38  Drone  
  14  0:50  Overlord  
  14  1:11  Zergling x4  
  16  1:12  Zergling x2  
  16  1:14  Metabolic Boost  
  17  1:23  Zergling x2  
  18  1:34  Baneling Nest, Zergling x2  
  18  1:44  Zergling x2  
  19  1:54  Queen  
  21  2:01  Overlord  
  21  2:12  Zergling x2  
  22  2:19  Baneling x3  
  22  2:29  Zergling x4  
  24  2:33  Baneling  
  24  2:41  Zergling x2  
  24  2:56  Drone  
  21  3:03  Drone  
  22  3:15  Baneling  
  22  3:16  Baneling  
  22  3:18  Drone x3  
  25  3:25  Drone  
  26  3:33  Hatchery  
  25  3:46  Zergling x2  
  26  3:49  Zergling x2  
  26  3:50  Zergling x4  
  29  4:07  Zergling x4  
  28  4:20  Baneling x2  
  28  4:21  Zergling x4  
  29  4:25  Zergling x4  
  29  4:30  Queen  
  29  4:31  Drone  
  29  4:45  Drone  
  29  4:46  Drone  
  29  4:48  Queen  
  33  4:59  Baneling x2  
  33  5:05  Drone x2  
  33  5:06  Overlord  
  35  5:15  Drone  
  34  5:31  Drone x4  
  34  5:32  Drone  
  37  5:39  Drone  
  37  5:41  Lair  
  38  5:49  Drone x2  
  40  5:50  Drone x2  
  44  6:04  Roach Warren, Drone x3, Extractor  
  44  6:10  Overlord  
  43  6:15  Drone  
  44  6:25  Overlord x2  
  43  6:36  Drone, Extractor  
  43  6:40  Extractor  
  43  6:41  Drone  
  43  6:42  Spire  
  43  6:43  Overlord  
  42  6:54  Overlord  
  42  6:55  Drone x4  
Tags
 
Add a new tag
Caveats
  • Supply blocks, unpowered buildings, or Contaminate may cause inaccurate times.
  • Supply counts are checked every 10 seconds.